 Dungeon Crawl Stone Soup version 0.29-a0-43-g62a80824bf (webtiles) character file.

Game seed: 6903837922768820242

2352 robertstho the Grappler (level 9, -3/75 (85) HPs)
             Began as a Troll Delver on Feb 2, 2022.
             Was an Initiate of Wu Jian.
             Slain by a wight (13 damage)
             ... on level 7 of the Dungeon.
             The game lasted 00:09:11 (4840 turns).

robertstho the Grappler (Troll Delver)              Turns: 4840, Time: 00:09:11

HP:   -3/75 (85)    AC:  5    Str: 26    XL:     9   Next: 20%
MP:   8/8           EV: 10    Int:  6    God:    Wu Jian [......]
Gold: 418           SH:  0    Dex: 11    Spells: 8/8 levels left

rFire   + . .      SeeInvis .     - Unarmed
rCold   . . .      Faith    .   (no shield)
rNeg    . . .      Spirit   .   a - +0 robe
rPois   .          Reflect  .   (helmet restricted)
rElec   .          Harm     .   r - +0 cloak
rCorr   .          Rampage  .   (gloves unavailable)
Will    .....                   (boots unavailable)
Stlth   ++........              (no amulet)
HPRegen 1.02/turn               e - ring of protection from fire
MPRegen 0.11/turn               (no ring)

@: about to teleport, hasted, heavily drained, very quick
A: large, unfitting armour, claws 3, regeneration 1, shaggy fur 1, tough skin 1
a: Renounce Religion


You were on level 7 of the Dungeon.
You worshipped Wu Jian.
Wu Jian was noncommittal.
You visited 1 branch of the dungeon, and saw 7 of its levels.

You collected 418 gold pieces.

Inventory:

Missiles
 p - a throwing net (quivered)
Armour
 a - a +0 robe (worn)
 r - a +0 cloak (worn)
Jewellery
 e - a ring of protection from fire (left claw)
 n - a +6 ring of strength
 s - a +4 ring of protection
 x - a ring of flight
Wands
 f - a wand of digging (3)
 o - a wand of polymorph (11)
 q - a wand of iceblast (14)
 w - a wand of paralysis (9)
Scrolls
 b - 2 scrolls of fog
 c - a scroll of holy word
 g - a scroll of teleportation
 h - 2 scrolls of enchant weapon
 i - a scroll of enchant armour {unknown}
 j - 3 scrolls of immolation
 k - a scroll of magic mapping
 u - 2 scrolls of identify
Potions
 d - a potion of berserk rage {unknown}
 m - 2 potions of heal wounds {unknown}
 t - a potion of invisibility {unknown}
 v - 2 potions of mutation {unknown}
 A - a potion of attraction {unknown}


   Skills:
 * Level 4.5 Fighting
 + Level 3.3 Dodging
 + Level 4.1 Stealth
 * Level 9.9 Unarmed Combat


You had 8 spell levels left.
You didn't know any spells.
Your spell library contained the following spells:

 Spells                   Type           Power      Damage    Failure   Level
 Magic Dart               Conj           0%         1d3       45%         1
 Call Imp                 Summ           0%         N/A       58%         2
 Mephitic Cloud           Conj/Pois/Air  0%         N/A       83%         3


Dungeon Overview and Level Annotations

Branches:
Dungeon (7/15)             Temple (0/1) D:6

Altars:
Ashenzari
Fedhas
Trog
Vehumet
Wu Jian
Yredelemnul


Innate Abilities, Weirdness & Mutations

You are too large for most types of armour.
You have claws for hands.
Your natural rate of healing is unusually fast.
You are covered in fur. (AC +1)
You have tough skin. (AC +1)


Message History

You feel drained.
You mangle the wight!!
You destroy the wight!
The Council accepts your kill. The wight barely misses you.
You claw the wight!
You destroy the wight!
The Council accepts your kill. The wight barely misses you.
The centaur unwields a +0 shortbow.
The centaur completely misses you.
The centaur kicks you but does no damage.
Your life force feels restored.
You feel yourself speed up.
The wight hits you with a +3 long sword.
You feel drained. The wight closely misses you. The centaur hits you.
The centaur kicks you.
You scratch the centaur.
The centaur is lightly wounded.
The necrophage hits you.
You feel drained.
The wight hits you with a +3 long sword!
You feel drained. The centaur barely misses you. x2
The wight hits you from afar with a +4 halberd.
You feel drained.
The wight hits you with a +5 scimitar of freezing!
* * * LOW HITPOINT WARNING * * *
You feel drained.
* * * LOW HITPOINT WARNING * * *
The wight freezes you.
* * * LOW HITPOINT WARNING * * *
The centaur wields a +0 shortbow.
The centaur shoots an arrow.
The arrow completely misses you. The necrophage hits you.
* * * LOW HITPOINT WARNING * * *
You feel drained.
You feel better.
As you read the scroll of teleportation, it crumbles to dust.
You feel strangely unstable. The necrophage misses you.
The wight hits you with a +3 long sword!
* * * LOW HITPOINT WARNING * * *
The wight hits you from afar with a +4 halberd!
You die...

##### .....
############# ##...
#.....#.....## #
.............## #
...............# #
#...............#
..........z.)....# ....
..........nz.....#
#...............@z.....#
# ...............c.....#
# ...................##
.................##
#...##..#.#######
#.#.......# #.#......##
#........# ###......#


You could see a necrophage, a centaur and 3 wights.

Vanquished Creatures
  Pikel (D:4)
  Sigmund (D:5)
  Menkaure (D:4)
  A water moccasin (D:6)
  An orc warrior (D:6)
  An ogre (D:4)
  2 necrophages
  A centaur (D:5)
  2 lemures (D:4)
  2 bullfrogs
  2 scorpions
  A wyvern zombie (D:7)
  A wyvern skeleton (D:5)
  2 wights (D:7)
  2 centaur zombies (D:7)
  A bullfrog zombie (D:5)
  A jelly (D:4)
  3 orc priests
  3 hounds
  Jessica (D:3)
  Ijyb (D:3)
  An orc wizard (D:6)
  Natasha (twice) (D:3)
  A hound skeleton (D:4)
  A howler monkey skeleton (D:4)
  4 gnolls
  11 adders
  A worm (D:2)
  2 dart slugs
  18 orcs
  7 ball pythons
  5 endoplasms
  2 giant cockroaches
  9 goblins
  8 hobgoblins
  2 jackals (D:1)
  4 quokkas
  7 bats
  7 frilled lizards
  4 kobolds
  4 rats
131 creatures vanquished.

Notes
Turn   | Place    | Note
-------+----------+-------------------------------------------
     0 | D:5      | robertstho the Troll Delver began the quest for the Orb.
     0 | D:5      | Reached XP level 1. HP: 22/22 MP: 0/0
    25 | D:5      | Noticed a hound
    79 | D:4      | Reached XP level 2. HP: 29/29 MP: 1/1
   105 | D:4      | Noticed a lemure
   107 | D:4      | Noticed a lemure
   176 | D:2      | Reached XP level 3. HP: 21/36 MP: 2/2
   474 | D:1      | Reached XP level 4. HP: 44/44 MP: 3/3
   616 | D:1      | Reached skill level 3 in Unarmed Combat
  1499 | D:2      | Found a faded altar of an unknown god.
  1803 | D:3      | Noticed Natasha
  1812 | D:3      | Killed Natasha
  1813 | D:3      | Reached XP level 5. HP: 31/53 MP: 4/4
  1846 | D:3      | Noticed Natasha
  1857 | D:3      | Killed Natasha
  1858 | D:3      | Reached skill level 4 in Unarmed Combat
  1916 | D:3      | Noticed Jessica
  1922 | D:3      | Killed Jessica
  2163 | D:3      | Noticed Ijyb
  2176 | D:3      | Killed Ijyb
  2183 | D:3      | Reached XP level 6. HP: 61/61 MP: 5/5
  2241 | D:4      | Noticed Pikel
  2245 | D:4      | Noticed Menkaure
  2252 | D:4      | Killed Menkaure
  2253 | D:4      | Reached skill level 5 in Unarmed Combat
  2342 | D:5      | Reached XP level 7. HP: 61/67 MP: 6/6
  2354 | D:5      | Found an ornate altar of the Wu Jian Council.
  2442 | D:5      | Reached skill level 6 in Unarmed Combat
  2511 | D:5      | Noticed Sigmund
  2525 | D:5      | Killed Sigmund
  2623 | D:5      | Found a basalt altar of Yredelemnul.
  3173 | D:4      | Reached skill level 7 in Unarmed Combat
  3218 | D:4      | Reached XP level 8. HP: 69/78 MP: 7/7
  3227 | D:4      | Killed Pikel
  3228 | D:4      | Reached skill level 8 in Unarmed Combat
  3470 | D:4      | Found a broken altar of Ashenzari.
  3660 | D:4      | Found a blossoming altar of Fedhas.
  3661 | D:4      | Found a radiant altar of Vehumet.
  3813 | D:5      | Became a worshipper of the Wu Jian Council
  3880 | D:6      | Found a staircase to the Ecumenical Temple.
  3912 | D:6      | Reached skill level 9 in Unarmed Combat
  4271 | D:6      | Reached XP level 9. HP: 60/85 MP: 8/8
  4566 | D:7      | Found a bloodstained altar of Trog.
  4840 | D:7      | Slain by a wight

Illustrated notes

Levels and vault maps discovered:
D:1:      beargit_arrival_diablo_church, layout_basic, st_stairs_2,
          minmay_heptomino_h4
D:2:      minmay_door_path, layout_basic, serial_corexii_hall,
          chequers_hall_statues_corner_a, corexii_hall_statues_deadend,
          basic_ecumenical_altar
D:3:      layout_rooms, uniq_jessica, uniq_natasha, uniq_ijyb
D:4:      layout_basic, mainiacjoe_overflow_chevrons, minitemple, uniq_menkaure,
          uniq_pikel
D:5:      layout_cave_pods, mainiacjoe_overflow_paths, kennysheep_mini,
          uniq_sigmund
D:6:      layout_loops_ring, minmay_temple_entry_grid
D:7:      layout_rooms, trog_book

Skill      XL: |  1  2  3  4  5  6  7  8 |
---------------+-------------------------+-----
Stealth        | 3 4 |  4.1
Unarmed Combat | 3 4 5 7 9 |  9.9
Fighting       | 3 4 |  4.5
Dodging        | 2 3 |  3.3

Action                   |  1- 3 |  4- 6 |  7- 9 || total
-------------------------+-------+-------+-------++-------
Melee: Unarmed           |    55 |   131 |   162 ||   348
       Punch             |     1 |     4 |     7 ||    12
Invok: Lunge             |       |       |     7 ||     7
  Use: Scroll            |     1 |     7 |     1 ||     9
       Potion            |     1 |     1 |     3 ||     5
 Stab: Sleeping          |     4 |    11 |     4 ||    19
       Distracted        |     1 |       |       ||     1
Armor: Robe              |    26 |    27 |    30 ||    83
       Skin              |       |     7 |     6 ||    13
Dodge: Dodged            |    26 |    62 |    91 ||   179

Table legend: (Time is in decaauts)
 A = Elapsed time spent in this place.
 B = Non-inter-level travel time spent in this place.
 C = Inter-level travel time spent in this place.
 D = Time resting spent in this place.
 E = Time spent auto-exploring this place.
 F = Levels seen in this place.
 G = Mean time per level.
                   A        B        C        D        E       F      G
               +--------+--------+--------+--------+--------+-----+--------+
         Total |   4787 |   4537 |    250 |    145 |   3399 |   7 |  683.9 |
       Dungeon |   4787 |   4537 |    250 |    145 |   3399 |   7 |  683.9 |
               +--------+--------+--------+--------+--------+-----+--------+

Top non-repeatable levels by time:
     D:1: 990 daAuts
     D:5: 947 daAuts
     D:4: 762 daAuts
     D:2: 640 daAuts
     D:6: 619 daAuts
     D:3: 451 daAuts
     D:7: 375 daAuts
